Map: Invader LE

Players

capac - Winner!

  • Race: Terran Terran
  • League: Gold

Fearol

  • Race: Zerg Zerg
  • League: Gold

VOD

Have the link to the VOD?

Description

Time

  • Played on: May 1, 2016, 1:21 p.m.
  • Length: 13:20
Show
View Real Time Build Order
Export as new Build Order

capac Terran - Winner!

Build Orders: Reaper Expand, MMM Bio 

Get SALT Encoding   

  12  0:01  SCV  
  13  0:13  SCV  
  14  0:18  Supply Depot  
  14  0:25  SCV  
  15  0:40  SCV  
  15  0:41  Barracks  
  16  0:47  Refinery  
  16  0:52  SCV  
  17  1:04  SCV  
  18  1:16  SCV  
  19  1:30  Orbital Command  
  19  1:31  Reaper  
  20  1:43  Command Center  
  20  1:52  Supply Depot  
  20  1:57  SCV  
  21  2:03  Marine  
  22  2:12  Factory  
  22  2:14  SCV  
  23  2:18  Barracks  
  23  2:28  SCV  
  24  2:31  Barracks Reactor  
  24  2:32  Refinery  
  24  2:40  SCV  
  25  3:00  Factory Tech Lab  
  25  3:12  Barracks Tech Lab  
  25  3:15  Marine x2  
  25  3:19  Orbital Command  
  27  3:23  Siege Tank  
  27  3:24  Engineering Bay  
  30  3:29  Barracks  
  30  3:34  SCV  
  30  3:38  Marine x2  
  30  3:40  Marine  
  30  3:41  Bunker  
  34  3:46  SCV  
  35  3:54  Stimpack  
  35  4:03  Starport  
  35  4:06  SCV  
  36  4:11  Supply Depot  
  36  4:17  SCV  
  37  4:21  SCV  
  38  4:24  Marine x3  
  38  4:29  SCV  
  42  4:32  Siege Tank  
  42  4:34  Marine  
  46  4:40  Supply Depot, Medivac  
  46  4:42  Marine x2  
  46  4:43  SCV  
  46  4:44  SCV  
  52  5:00  SCV x2  
  52  5:06  Siege Tank  
  57  5:10  Marine x2  
  57  5:11  Refinery x2, Barracks Reactor  
  57  5:12  Marine, SCV  
  61  5:24  SCV  
  61  5:25  Starport Reactor  
  61  5:26  Supply Depot  
  62  5:30  Marine x2, SCV  
  65  5:36  Terran Infantry Weapons Level 1  
  65  5:40  Engineering Bay, SCV  
  66  5:48  Marine x4  
  66  5:49  Marine  
  73  6:02  SCV x2  
  73  6:03  Medivac x2  
  76  6:06  Supply Depot  
  76  6:07  Marine x2  
  78  6:16  Marine x3  
  78  6:17  Supply Depot  
  81  6:22  Combat Shields  
  81  6:25  Armory  
  81  6:28  SCV x2  
  83  6:34  Marine x2  
  83  6:37  Medivac  
  87  6:46  Marauder, Marine x2  
  89  6:55  Marine x2  
  89  6:58  Siege Tank  
  89  6:59  Terran Infantry Armor Level 1  
  89  7:03  SCV x2  
  91  7:19  Marine x4  
  91  7:20  Marauder  
  91  7:22  Supply Depot  
  97  7:30  Barracks  
  97  7:32  SCV x2  
  97  7:36  Marine x2  
  97  7:37  Marine  
  100  7:43  Marine  
  105  7:44  Marauder  
  105  7:49  Supply Depot  
  105  7:55  Command Center  
  105  8:02  Liberator x2, SCV x2  
  105  8:03  Marine x2  
  105  8:04  Marine  
  110  8:16  Marine x2  
  118  8:26  Supply Depot  
  118  8:27  Barracks  
  118  8:29  Supply Depot  
  118  8:38  Barracks  
  118  8:42  Barracks Reactor  
  118  8:43  Concussive Shells  
  118  8:45  Terran Infantry Weapons Level 2  
  118  8:47  Marine x4  
  118  8:48  Marauder, SCV x2  
  126  9:00  SCV x2  
  118  9:12  SCV x2  
  120  9:24  SCV x2  
  120  9:36  SCV  
  120  9:38  Marine x6  
  122  9:39  Marine  
  106  10:15  Liberator x2  
  106  10:17  Marine  
  106  10:18  Marine x6  
  111  10:31  Siege Tank  
  119  10:35  Marine x2  
  119  10:36  Marine x2  
  119  10:54  Marine x2  
  119  10:55  Marine x2  
  123  11:03  Siege Tank  
  126  11:09  SCV x2  
  128  11:15  Medivac x2  
  132  11:21  SCV  
  132  11:23  Marine  
  132  11:24  Marine x6  
  140  11:27  Missile Turret  
  140  11:28  Missile Turret  
  140  11:41  Marine  
  140  11:42  Marine x6  
  147  12:02  Marine x2  
  147  12:08  Marine x5  
  154  12:16  Supply Depot  
  154  12:17  Supply Depot  
Show
View Real Time Build Order
Export as new Build Order

Fearol Zerg 

Build Orders: Pool First 

Get SALT Encoding   

  12  0:02  Drone  
  13  0:08  Drone  
  14  0:17  Overlord  
  14  0:36  Drone x3  
  17  0:45  Spawning Pool  
  16  1:09  Hatchery  
  16  1:10  Drone  
  16  1:13  Drone  
  16  1:17  Drone  
  18  1:21  Extractor  
  17  1:31  Drone  
  18  1:33  Queen  
  18  1:36  Drone  
  21  1:55  Roach Warren  
  20  2:04  Drone  
  20  2:06  Drone  
  20  2:08  Overlord  
  22  2:20  Queen  
  24  2:30  Extractor  
  24  2:31  Drone x2  
  24  2:34  Drone  
  26  2:41  Drone x2  
  28  3:01  Zergling x8  
  32  3:10  Drone  
  32  3:11  Drone x2  
  35  3:26  Metabolic Boost  
  35  3:32  Drone  
  36  3:47  Overlord  
  36  3:48  Overlord x4  
  36  4:08  Drone x2  
  38  4:28  Evolution Chamber  
  38  4:29  Evolution Chamber  
  36  4:39  Drone x5  
  36  4:40  Drone x7  
  48  4:54  Zerg Missile Weapons Level 1  
  48  4:56  Zerg Ground Armor Level 1  
  48  5:04  Extractor  
  48  5:06  Extractor  
  46  5:07  Drone  
  46  5:08  Drone x2  
  46  5:09  Drone x2  
  46  5:10  Drone  
  52  5:20  Lair  
  52  5:23  Pneumatized Carapace  
  52  5:25  Drone  
  53  5:53  Baneling Nest  
  52  6:13  Roach x8  
  52  6:14  Roach x4  
  76  6:30  Overlord  
  76  6:34  Overlord  
  73  7:07  Drone  
  73  7:08  Drone x2  
  76  7:25  Spore Crawler  
  76  7:27  Spore Crawler  
  76  7:29  Zergling x2  
  75  7:30  Zergling x6  
  75  7:31  Zergling x2  
  79  7:38  Hatchery  
  79  7:40  Extractor  
  79  7:41  Extractor  
  76  8:13  Baneling x3  
  76  8:14  Baneling x6  
  76  8:15  Baneling  
  76  8:16  Roach  
  76  8:17  Roach x7  
  92  8:20  Overlord x4  
  92  8:35  Spire  
  91  8:44  Nydus Network  
  88  9:29  Ravager x7  
  88  9:30  Ravager  
  64  10:07  Roach x7  
  64  10:08  Roach x2  
  57  10:50  Roach  
  57  10:51  Roach x5  
  57  11:16  Mutalisk  
  57  11:17  Mutalisk  
  57  11:18  Mutalisk x2  
  65  11:27  Hatchery  
  64  11:49  Mutalisk  
  64  11:50  Mutalisk x7  
  80  11:58  Mutalisk x4  
  88  12:19  Spine Crawler  
  87  12:23  Roach x5  
  49  12:55  Zergling x10  
  49  12:56  Zergling x14  
  49  13:02  Zergling x2  
Tags
 
Add a new tag
Caveats
  • Supply blocks, unpowered buildings, or Contaminate may cause inaccurate times.
  • Supply counts are checked every 10 seconds.